 Dungeon Crawl Stone Soup version 0.24.1-14-gf8d2b509d9 (webtiles) character file.

Game seed: 10365573323342694280, levelgen mode: deterministic

37662 mortelune the Martial Artist (level 13, -16/114 HPs)
             Began as an Octopode Transmuter on May 20, 2020.
             Was a High Priest of Cheibriados.
             Demolished by a minotaur
             ... wielding a +6 rapier of draining
              (38 damage)
             ... in a Gauntlet.
             The game lasted 01:06:31 (29572 turns).

mortelune the Martial Artist (Octopode Transmuter) Turns: 29572, Time: 01:06:32

Health: -16/114    AC:  8    Str: 22    XL:     13   Next: 98%
Magic:  19/23      EV: 18    Int: 36    God:    Cheibriados [*****.]
Gold:   1312       SH:  0    Dex: 25    Spells: 10/26 levels left

rFire    . . .     SeeInvis +     - Unarmed
rCold    + + +     Gourm    .   (shield currently unavailable)
rNeg     . . .     Faith    .   (helmet currently unavailable)
rPois    +         Spirit   .   a - amulet of the acrobat
rElec    .         Reflect  .   q - +5 ring of intelligence
rCorr    .         Harm     .   M - ring of protection from magic
MR       +....     NoTele   +   I - ring of protection from cold
Stlth    ++........             S - ring of see invisible
HPRegen  0.29/turn              e - ring of fire
MPRegen  0.18/turn              (no ring)
                                (no ring)
                                (no ring)

@: ice-form, studying Air Magic, heavily drained, very slow
A: large, almost no armour, stealthy swim, amphibious, 8 rings, (constrict 8)
a: End Transformation, Bend Time, Temporal Distortion, Slouch, Step From Time,
Renounce Religion


You were in a Gauntlet.
You worshipped Cheibriados.
Cheibriados was extremely pleased with you.
You were hungry.
You were a creature of crystalline ice.
You visited 3 branches of the dungeon, and saw 21 of its levels.
You also visited: Sewer and Gauntlet.

You collected 1312 gold pieces.

Inventory:

Hand Weapons
 b - a +1 hunting sling
Missiles
 g - 5 atropa-tipped darts
 m - 8 curare-tipped darts
 p - 19 poisoned darts
 V - 372 stones (quivered)
Jewellery
 a - an amulet of the acrobat (around neck)
 e - a ring of fire (on tentacle)
 q - a +5 ring of intelligence (left front paw)
 H - an uncursed ring of ice
 I - a ring of protection from cold (on tentacle)
 M - a ring of protection from magic (right front paw)
 S - a ring of see invisible (on tentacle)
Wands
 d - a wand of disintegration (19)
 n - a wand of enslavement (11)
 C - a wand of iceblast (27)
 E - a wand of flame (38)
 P - a wand of clouds (4)
Scrolls
 f - 13 scrolls of remove curse
 s - 2 scrolls of brand weapon {unknown}
 t - 8 scrolls of teleportation
 v - a scroll of noise {unknown}
 y - a scroll of immolation
 B - a scroll of fog {unknown}
 F - 3 scrolls of amnesia
 G - 3 scrolls of enchant armour
 N - 2 scrolls of enchant weapon
 R - a scroll of torment {unknown}
 U - 2 scrolls of acquirement {unknown}
Potions
 h - 4 potions of lignification
 j - 2 potions of ambrosia
 k - 3 potions of heal wounds
 l - 3 potions of cancellation
 r - 4 potions of agility
 u - 3 potions of resistance
 w - 7 potions of curing
 x - a potion of might
 z - 4 potions of flight
 A - a potion of berserk rage {unknown}
 K - a potion of brilliance
 L - 4 potions of magic
 T - a potion of mutation {unknown}
Books
 D - a manual of Air Magic
Miscellaneous
 o - a phial of floods
 J - a phantom mirror
Comestibles
 c - 37 rations


   Skills:
 + Level 11.1(9.1) Fighting
 + Level 11.1(9.2) Dodging
 + Level 11.3(9.4) Unarmed Combat
 - Level 7.0(5.2) Spellcasting
 - Level 10.0(8.1) Transmutations
 + Level 8.6(6.7) Invocations


You had 10 spell levels left.
You knew the following spells:

 Your Spells              Type           Power        Failure   Level  Hunger
a - Beastly Appendage     Tmut           ######       1%          1    None
b - Sticks to Snakes      Tmut           ######..     1%          2    None
c - Spider Form           Tmut/Pois      #####.....   2%          3    None
d - Ice Form              Ice/Tmut       #####...     7%          4    ###....
e - Blade Hands           Tmut           ######....   3%          5    #####..
f - Summon Butterflies    Summ           #.......     3%          1    None

Your spell library contained the following spells:

 Spells                   Type           Power        Failure   Level  Hunger
 Animate Skeleton         Necr           N/A          3%          1    None
 Apportation              Tloc           #.....       3%          1    None
 Confusing Touch          Hex            #.....       3%          1    None
 Corona                   Hex            #......      3%          1    None
 Summon Small Mammal      Summ           #...         3%          1    None
 Ensorcelled Hibernation  Hex/Ice        #.....       6%          2    None
 Petrify                  Tmut/Erth      #####...     7%          4    ###....
 Confuse                  Hex            #.......     12%         3    None
 Dazzling Spray           Conj/Hex       #.....       12%         3    None
 Gell's Gravitas          Tloc           #.........   12%         3    None
 Lesser Beckoning         Tloc           #.........   12%         3    None
 Tukima's Dance           Hex            #.......     12%         3    None
 Alistair's Intoxication  Tmut/Pois      #####...     21%         5    #####..
 Yara's Violent Unravell  Hex/Tmut       #####.....   21%         5    #####..
 Cause Fear               Hex            #.........   36%         4    ###....
 Metabolic Englaciation   Hex/Ice        #.........   71%         5    #####..
 Silence                  Hex/Air        #.........   71%         5    #####..
 Deflect Missiles         Chrm/Air       #.........   99%         6    ######.
 Invisibility             Hex            #.......     99%         6    ######.
 Discord                  Hex            #.........   100%        8    #######


Dungeon Overview and Level Annotations

Branches:
Dungeon (15/15)            Temple (1/1) D:6            Lair (6/6) D:8
  Swamp (0/4) Lair:4       Spider (0/4) Lair:2        Slime (0/5) Lair:6
    Orc (0/2) D:11         Depths (0/5) D:15          Sewer (visited)
Gauntlet (1/1)
 Vaults: D:13-14

Altars:
Ashenzari
Cheibriados
Dithmenos
Elyvilon
Fedhas
Gozag
Hepliaklqana
Kikubaaqudgha
Makhleb
Nemelex Xobeh
Okawaru
Qazlal
Ru
Trog
Uskayaw
Vehumet
Wu Jian
Xom
Yredelemnul
Zin
The Shining One

Shops:
D:8 (

Annotations:
D:5 Sigmund
D:9 2 runed translucent doors, orehx's ghost, journeyman HOFi
Lair:1 exclusion: oklob plant
Lair:2 3 runed translucent doors, 15bullets's ghost, journeyman TrMo; mortelune's ghost, journeyman OpTm
Lair:3 exclusion: oklob plant Gauntlet 6 transporters


Innate Abilities, Weirdness & Mutations

You cannot wear most types of armour.
You are very stealthy in the water. (Stealth+)
You are amphibious.
You can wear up to eight rings at the same time.
((You can use your tentacles to constrict eight enemies at once.))
((Your skin changes colour to match your surroundings (Stealth+).))
((Your rubbery body absorbs attacks. (AC +1, EV +1)))


Message History

You punch the minotaur! You freeze the minotaur.
The minotaur is heavily wounded.
The minotaur closely misses you. The minotaur gores you.
You pummel the minotaur!! You freeze the minotaur!
The minotaur is almost dead.
The minotaur hits you with a +6 rapier of draining!!
* * * LOW HITPOINT WARNING * * *
You feel drained.
* * * LOW HITPOINT WARNING * * *
The minotaur gores you but does no damage.
You feel much better.
The minotaur hits you with a +6 rapier of draining!!
* * * LOW HITPOINT WARNING * * *
You feel drained.
* * * LOW HITPOINT WARNING * * *
The minotaur gores you!
* * * LOW HITPOINT WARNING * * *
You feel much better.
The minotaur hits you with a +6 rapier of draining!!!
You die...

#..#..})©[.WW#...#..≈.©).≈[#..#
#..###########...###########..##
8#.............................#8
##≈............≈∩≈............≈##
###############################
8# §.....(..((.....≈# #8# ##
8.8.8..©.©..8.8.8# ###
≈...............≈#
##.##.##Y##.##.### #. #H##.##.# .
......... #.##. #. #. .# .# .. .
. .# #. #. .#


You could see a minotaur.

Vanquished Creatures
  Nessos (D:14)
  Josephine (D:12)
  A great orb of eyes (Gauntlet)
  A hydra (D:14)
  2 two-headed ogres
  A queen ant (Lair:6)
  2 orc knights (D:15)
  An orc sorcerer (D:15)
  3 cyclopes
  A faun (shapeshifter) (D:14)
  2 manticores
  2 ugly things (D:11)
  10 elephants
  A centaur zombie (D:15)
  A torpor snail (Lair:6)
  An eye of devastation (Gauntlet)
  10 spiny frogs
  A kobold demonologist (D:11)
  2 rime drakes
  A komodo dragon (Lair:5)
  3 trolls
  A queen bee (Gauntlet)
  A polar bear (Lair:3)
  2 hornets
  A blink frog (shapeshifter) (D:15)
  3 hippogriffs
  5 blink frogs (Lair:6)
  A shadow (D:15)
  A spriggan (D:7)
  2 wraiths (D:12)
  21 yaks
  4 swamp worms (Lair:4)
  12 soldier ants
  2 acid dragons
  6 water moccasins
  2 floating eyes (Gauntlet)
  2 porcupines
  2 sky beasts
  7 orc warriors
  2 ice beasts
  3 phantoms
  5 ogres
  12 centaurs
  6 crocodiles
  3 big kobolds (Sewer)
  A gnoll sergeant (D:11)
  12 bullfrogs
  A wyvern skeleton (D:11)
  2 scorpions
  5 wights
  4 killer bees (Gauntlet)
  3 howler monkeys
  An electric eel (Lair:4)
  12 crimson imps
  A quasit (D:7)
  A bullfrog zombie (D:11)
  11 jellies
  6 hounds
  4 orc wizards
  9 orc priests
  3 bullfrog skeletons
  3 iguanas
  13 worker ants
  A hound zombie (D:8)
  7 gnolls
  15 adders
  3 river rats (Sewer)
  2 shadow imps
  6 oozes
  2 adder skeletons (D:4)
  7 worms
  A dart slug (D:2)
  3 leopard geckos
  58 orcs
  5 ball pythons
  6 bats
  6 giant cockroaches
  10 goblins
  4 hobgoblins
  10 jackals
  10 kobolds
  9 quokkas
  5 frilled lizards
  2 jackal skeletons
  A leopard gecko zombie (D:5)
  10 rats
429 creatures vanquished.

Vanquished Creatures (collateral kills)
  A hydra (Lair:6)
  Harold (Lair:1)
  3 two-headed ogres
  An ugly thing (Gauntlet)
  4 elephants
  A spiny frog (Lair:1)
  A troll (D:10)
  A wraith (D:12)
  9 yaks
  2 redbacks (Lair:2)
  Eustachio (D:4)
  Duvessa (D:7)
  An orc warrior (D:7)
  An ice beast (D:6)
  4 ogres
  A crocodile (Lair:1)
  A big kobold (Sewer)
  A bullfrog (Lair:3)
  Dowan (D:7)
  2 wights (D:6)
  4 jellies
  An orc priest (D:6)
  An iguana (D:14)
  Terence (D:3)
  A worker ant (D:4)
  2 river rats (D:3)
  An adder (D:4)
  A shadow imp (D:8)
  7 orcs
  2 giant cockroaches (D:3)
  A goblin (D:1)
  A frilled lizard (D:1)
  2 kobolds
  A rat (D:7)
64 creatures vanquished.

Vanquished Creatures (others)
  7 fungi
  9 withered plants (Gauntlet)
16 creatures vanquished.

Grand Total: 509 creatures vanquished

Notes
Turn   | Place    | Note
-------+----------+-------------------------------------------
     0 | D:1      | mortelune the Octopode Transmuter began the quest for the
                  | Orb.
     0 | D:1      | Reached XP level 1. HP: 13/13 MP: 3/3
   225 | D:1      | Reached XP level 2. HP: 16/18 MP: 5/5
   253 | D:1      | Learned a level 2 spell: Sticks to Snakes
  1476 | D:1      | Reached XP level 3. HP: 23/23 MP: 6/6
  1481 | D:1      | Learned a level 3 spell: Spider Form
  2278 | D:2      | Reached XP level 4. HP: 29/29 MP: 1/8
  2537 | D:2      | Found a radiant altar of Vehumet.
  2750 | D:3      | Noticed Terence
  2830 | D:3      | Found a shimmering altar of Xom.
  2881 | D:3      | Killed Terence
  2931 | D:3      | Found an ornate altar of the Wu Jian Council.
  3030 | D:3      | Reached XP level 5. HP: 31/34 MP: 9/9
  3083 | D:3      | Found a glowing drain.
  3158 | Sewer    | Entered a sewer
  3299 | Sewer    | Learned a level 4 spell: Ice Form
  3430 | Sewer    | Noticed a big kobold
  3453 | Sewer    | Killed a big kobold
  3554 | Sewer    | Noticed a big kobold
  3571 | Sewer    | Killed a big kobold
  3571 | Sewer    | Reached XP level 6. HP: 41/41 MP: 5/11
  4909 | Sewer    | Reached XP level 7. HP: 43/46 MP: 10/13
  5057 | D:3      | Reached skill level 5 in Transmutations
  5530 | D:3      | Found a snail-covered altar of Cheibriados.
  5537 | D:3      | Found a blossoming altar of Fedhas.
  6571 | D:4      | Reached skill level 5 in Spellcasting
  6678 | D:4      | Found a glowing golden altar of the Shining One.
  6882 | D:4      | Noticed Eustachio
  6959 | D:4      | Killed Eustachio
  6959 | D:4      | Reached XP level 8. HP: 41/54 MP: 2/15
  7646 | D:5      | Entered Level 5 of the Dungeon
  7783 | D:5      | Found a hide-covered altar of Uskayaw.
  8435 | D:5      | Noticed Sigmund
  8864 | D:6      | Reached skill level 5 in Fighting
  9193 | D:6      | Found a glowing golden altar of the Shining One.
  9287 | D:6      | Reached XP level 9. HP: 61/61 MP: 3/17
  9535 | D:6      | Found a staircase to the Ecumenical Temple.
 10030 | Temple   | Entered the Ecumenical Temple
 10359 | D:3      | Became a worshipper of Cheibriados the Contemplative
 10640 | D:6      | Learned a level 5 spell: Blade Hands
 11121 | D:7      | Noticed a moth of wrath
 11123 | D:7      | Noticed Duvessa
 11123 | D:7      | Noticed Dowan
 11152 | D:7      | Killed Duvessa
 11155 | D:7      | Killed Dowan
 11395 | D:7      | Found a bloodstained altar of Trog.
 11532 | D:7      | Identified the +2 robe of the Dice {+Blink rC+}
 11959 | D:7      | Reached * piety under Cheibriados
 12364 | D:8      | Found a staircase to the Lair.
 12479 | D:8      | Reached XP level 10. HP: 67/68 MP: 15/20
 12709 | D:8      | Reached skill level 5 in Unarmed Combat
 12797 | D:8      | Found an iron altar of Okawaru.
 12909 | D:8      | Found a glowing silver altar of Zin.
 13020 | D:8      | Found a sacrificial altar of Ru.
 13033 | D:8      | Found a shattered altar of Ashenzari.
 13143 | D:8      | Found Deseaw's Antique Weapon Shoppe.
 13161 | D:8      | Reached ** piety under Cheibriados
 13243 | D:8      | Noticed a two-headed ogre
 13251 | D:8      | Killed a two-headed ogre
 14042 | D:9      | Reached skill level 5 in Dodging
 14087 | D:9      | Found a shadowy altar of Dithmenos.
 14232 | D:9      | Found a large runed translucent door.
 14233 | D:9      | Found a large runed translucent door.
 14237 | D:9      | Noticed orehx's ghost (journeyman HOFi)
 14417 | D:10     | Entered Level 10 of the Dungeon
 15182 | D:10     | Noticed a two-headed ogre
 15189 | D:10     | Killed a two-headed ogre
 15480 | D:10     | Noticed a two-headed ogre
 15489 | D:10     | Killed a two-headed ogre
 15569 | D:10     | Reached *** piety under Cheibriados
 15904 | Lair:1   | Entered Level 1 of the Lair of Beasts
 15940 | Lair:1   | Noticed a spiny frog
 15948 | Lair:1   | Killed a spiny frog
 16053 | Lair:1   | Noticed a spiny frog
 16068 | Lair:1   | Killed a spiny frog
 16100 | Lair:1   | Reached XP level 11. HP: 35/75 MP: 13/21
 16306 | Lair:1   | Noticed Harold
 16342 | Lair:1   | Killed Harold
 16406 | Lair:1   | Noticed an oklob plant
 17827 | Lair:2   | Found a runed translucent gate.
 17827 | Lair:2   | Found a runed translucent gate.
 17827 | Lair:2   | Found a runed translucent gate.
 17827 | Lair:2   | Noticed 15bullets's ghost (journeyman TrMo)
 17829 | Lair:2   | Noticed mortelune's ghost (journeyman OpTm)
 17886 | Lair:2   | Found a hole to the Spider Nest.
 18984 | Lair:3   | Reached **** piety under Cheibriados
 18984 | Lair:3   | Reached skill level 10 in Transmutations
 19007 | Lair:3   | Reached skill level 1 in Invocations
 19917 | Lair:3   | Noticed an oklob plant
 20302 | D:11     | Reached XP level 12. HP: 84/84 MP: 18/22
 20634 | D:11     | Found a sacrificial altar of Ru.
 21332 | D:11     | Reached ***** piety under Cheibriados
 22057 | D:11     | Found a staircase to the Orcish Mines.
 22305 | D:11     | Noticed a two-headed ogre
 22320 | D:11     | Killed a two-headed ogre
 22489 | D:11     | Reached skill level 5 in Invocations
 24002 | Lair:4   | Reached skill level 10 in Unarmed Combat
 24394 | Lair:4   | Found a staircase to the Swamp.
 24937 | Lair:5   | Reached XP level 13. HP: 82/92 MP: 11/23
 25115 | Lair:5   | Reached skill level 10 in Dodging
 25364 | Lair:5   | Reached skill level 10 in Fighting
 25869 | Lair:6   | Entered Level 6 of the Lair of Beasts
 26183 | Lair:6   | Found a staircase to the Slime Pits.
 26953 | Lair:6   | Reached ****** piety under Cheibriados
 27024 | Lair:6   | Noticed an entropy weaver
 27543 | D:12     | Noticed Josephine
 27563 | D:12     | Killed Josephine
 28061 | D:12     | Found an opulent altar of Gozag.
 28079 | D:12     | You fall into a shaft and drop 3 floors!
 28079 | D:15     | Entered Level 15 of the Dungeon
 28625 | D:14     | Noticed Nessos
 28925 | D:14     | Killed Nessos
 28967 | D:14     | Found a gate leading to a gauntlet.
 28976 | Gauntlet | Entered a Gauntlet
 28976 | Gauntlet | Found a transporter.
 28976 | Gauntlet | Found a transporter.
 29179 | Gauntlet | Found a transporter.
 29180 | Gauntlet | Found a transporter.
 29189 | Gauntlet | Found a transporter.
 29193 | Gauntlet | Found a transporter.
 29204 | Gauntlet | Noticed a great orb of eyes
 29205 | Gauntlet | Found a transporter.
 29293 | Gauntlet | Found a transporter.
 29297 | Gauntlet | Found a transporter.
 29311 | Gauntlet | Found a transporter.
 29312 | Gauntlet | Found a transporter.
 29322 | Gauntlet | Found a transporter.
 29494 | Gauntlet | Killed a great orb of eyes
 29559 | Gauntlet | Learned a level 1 spell: Summon Butterflies
 29562 | Gauntlet | Noticed a minotaur
 29571 | Gauntlet | HP: 5/114 [minotaur/+6 rapier of draining (7)]
 29572 | Gauntlet | Demolished by a minotaur

Levels and vault maps discovered:
D:1:      dpeg_arrival_arbitrary_b, layout_basic, chequers_serial_rivers_micro_c
D:2:      layout_basic, first_ration, kennysheep_flooded_box,
          minmay_misc_feat_roman
D:3:      layout_loops_cross, xom_butterflies, nicolae_overflow_hidden_temple,
          portal_sewer_entry_a, uniq_terence
D:4:      layout_basic, solitary_fountain, tso_altar, uniq_eustachio
D:5:      layout_loops_cross, eat_drink_and_be_merry_uskayaw,
          kennysheep_mini_moat, uniq_sigmund
D:6:      layout_gridville, nicolae_overflow_crystal_walls,
          minmay_temple_entry_glass, serial_glass, glass_columns_c,
          glass_columns_b, glass_columns_a, glass_columns_b
D:7:      layout_basic, tgw_trog, the_bakery, minmay_manual_mares, uniq_duvessa
D:8:      layout_rooms, kennysheep_mini, amethyst_overflow_temple_binary,
          kennysheep_okawaru_gauntlet, dpeg_oklobed_lair, serial_shops, shop,
          minmay_misc_feat_secret_circle, kennysheep_small_spiral
D:9:      layout_rooms, grunt_dithmenos_shadows, ebering_ghost_disaster_area
D:10:     layout_long_grid, grunt_decor_cap
D:11:     layout_loops_ring, hiddenorc2_lemuel, nicolae_ru_the_path_less_chosen
D:12:     layout_grid_maze, basic_altar, uniq_josephine
D:14:     layout_basic, erik_vaults_1, gauntlet_entry_generic, uniq_snorg,
          uniq_jorgrun, uniq_nessos
D:15:     grunt_enter_depths_giant_problem, layout_cave_pools,
          lemuel_statue_altar
Temple:   compressed_dpeg_triangle_lava_temple
Lair:1:   layout_hall_layers, minmay_lair_oklob_items, grunt_megastairs_1,
          lemuel_fruit_tree, uniq_harold
Lair:2:   layout_regular_city, spider_nest_entry_a, gammafunk_ghost_cemetery,
          infiniplex_staircase_pool
Lair:3:   layout_big_grid, minmay_lair_oklob_chamber
Lair:4:   layout_cave_pods, nicolae_swamp_entry_splash_gauntlet
Lair:5:   layout_hall_layers
Lair:6:   evilmike_catoblepas_cave, layout_misc_corridors,
          minmay_slime_entry_jelly_boxes, zaba_antful_of_joy
Gauntlet: gammafunk_gauntlet_hard_choice
          [gammafunk_gauntlet_arena_split_diamond,
          nicolae_gauntlet_arena_quarters, gammafunk_gauntlet_arena_corners,
          gammafunk_gauntlet_arena_split_x, nicolae_gauntlet_arena_flowing_pool,
          gammafunk_gauntlet_arena_hedges, gauntlet_exit_green]

Skill      XL: |  1  2  3  4  5  6  7  8  9 10 11 12 13 |
---------------+----------------------------------------+-----
Transmutations | 3 4 6 7 8 9 10 | 10.0
Spellcasting   | 3 4 5 6 7 |  7.0
Fighting       | 2 3 4 5 6 7 8 9 11 | 11.1
Dodging        | 4 6 8 9 11 | 11.1
Unarmed Combat | 4 6 8 10 11 | 11.3
Invocations    | 2 6 8 |  8.6

Action                   |  1- 3 |  4- 6 |  7- 9 | 10-12 | 13-15 || total
-------------------------+-------+-------+-------+-------+-------++-------
Melee: Unarmed           |    86 |   132 |   318 |   443 |   180 ||  1159
       Constrict         |    17 |    19 |    29 |    22 |     1 ||    88
       Tentacles         |    10 |    10 |    25 |    30 |     2 ||    77
       Kick              |     3 |    11 |    17 |     2 |       ||    33
       Punch             |       |     2 |     3 |     8 |     1 ||    14
Throw: Stone             |       |    15 |    10 |    12 |     7 ||    44
       Dart              |       |       |       |     4 |       ||     4
 Cast: Beastly Appendage |     5 |     9 |    11 |     1 |       ||    26
       Sticks to Snakes  |     4 |    12 |    42 |    51 |    46 ||   155
       Spider Form       |     3 |    10 |    17 |     1 |     1 ||    32
       Ice Form          |       |       |    13 |    51 |    23 ||    87
       Blade Hands       |       |       |     2 |    16 |     9 ||    27
Invok: Bend Time         |       |       |       |     1 |       ||     1
       Slouch            |       |       |       |       |     5 ||     5
 Abil: End Transformatio |       |       |       |       |     4 ||     4
Evoke: Wand              |       |       |       |       |     4 ||     4
  Use: Scroll            |       |     4 |     5 |    14 |     2 ||    25
       Potion            |       |       |       |     1 |    10 ||    11
 Stab: Sleeping          |     5 |       |     7 |     4 |       ||    16
       Distracted        |       |       |     3 |     6 |     6 ||    15
  Eat: Chunk             |     5 |     6 |    19 |    21 |     6 ||    57
       Ration            |       |     1 |     2 |       |     1 ||     4
Armor: Skin              |     8 |     4 |    36 |    80 |    18 ||   146
Dodge: Dodged            |    89 |    85 |   234 |   463 |   190 ||  1061
